TOP OF THE 1ST |
Alameda Airmen batting - Pitching for Hogsmeade Cauldrons : LHP Octávio Ríos
|
Pitching: LHP Octávio Ríos
|
|
Batting: RHB Mariano Sánchez
|
0-0: Ball 1-0: Foul Ball, location: 2F 1-1: Called Strike 1-2: Strikes out swinging
|
Batting: RHB Vicente Rodríguez
|
0-0: Ball 1-0: Foul Ball, location: 2F 1-1: Called Strike 1-2: Ball 2-2: Ball 3-2: SINGLE (Groundball, 5D)
|
Batting: RHB Joe Phillips
|
0-0: Called Strike 0-1: Foul Ball, location: 2F 0-2: Ball Vicente Rodríguez is caught stealing 2nd base 1-2: Ball 2-2: Strikes out looking
|
Top of the 1st over - 0 run(s), 1 hit(s), 0 error(s), 0 left on base; Alameda 0 - Hogsmeade 0 |
BOTTOM OF THE 1ST |
Hogsmeade Cauldrons batting - Pitching for Alameda Airmen : LHP Roberto Silva
|
Pitching: LHP Roberto Silva
|
|
Batting: RHB Santiago Mosca
|
0-0: Ball 1-0: Called Strike 1-1: Foul Ball, location: 2F 1-2: Fly out, F2 (Popup, 2RF)
|
Batting: RHB Ernesto Souza
|
0-0: Ball 1-0: Ball 2-0: SINGLE (Groundball, 5D)
|
Batting: RHB Jesús Cisneros
|
0-0: Called Strike 0-1: Called Strike 0-2: DOUBLE (Line Drive, 7LS) Ernesto Souza to third
|
Batting: RHB Luis Martínez
|
0-0: Called Strike 0-1: Ball 1-1: SINGLE (Line Drive, 7LM) Ernesto Souza scores Jesús Cisneros to third Runner from 3rd tries for Home, SAFE, no throw or cutoff
|
Batting: SHB Fernando Sánchez
|
0-0: Ball 1-0: SINGLE (Groundball, 34S) Luis Martínez to second Runner from 2nd tries for 3rd, SAFE, no throw or cutoff
|
Batting: RHB Héctor Casas
|
0-0: Foul Ball, location: 2F 0-1: Ball 1-1: Foul Ball, location: 2F 1-2: Ball 2-2: Ball 3-2: Strikes out swinging
|
Batting: RHB Reynaldo Pérez
|
0-0: Foul Ball, location: 2F 0-1: Ball 1-1: Foul Ball, location: 2F 1-2: Foul Ball, location: 2F 1-2: Ball 2-2: Strikes out swinging
|
Bottom of the 1st over - 2 run(s), 4 hit(s), 0 error(s), 2 left on base; Alameda 0 - Hogsmeade 2 |
TOP OF THE 2ND |
Alameda Airmen batting - Pitching for Hogsmeade Cauldrons : LHP Octávio Ríos
|
Batting: LHB Jorge Vargas
|
0-0: Called Strike 0-1: Called Strike 0-2: Foul Ball, location: 2F 0-2: Strikes out swinging
|
Batting: RHB Ricardo Téllez
|
0-0: Ball 1-0: Ball 2-0: Called Strike 2-1: Ball 3-1: Swinging Strike 3-2: Fly out, F4 (Popup, 4MD)
|
Batting: SHB Esteban Lugo
|
0-0: Swinging Strike 0-1: Ball 1-1: Ground out 5-3 (Groundball, 56)
|
Top of the 2nd over - 0 run(s), 0 hit(s), 0 error(s), 0 left on base; Alameda 0 - Hogsmeade 2 |
BOTTOM OF THE 2ND |
Hogsmeade Cauldrons batting - Pitching for Alameda Airmen : LHP Roberto Silva
|
Batting: RHB Gonzalo Ángel
|
0-0: Ball 1-0: Foul Ball, location: 2F 1-1: Ground out U3 (Groundball, 3L)
|
Batting: RHB Jim Unknown
|
0-0: Ball 1-0: Foul Ball, location: 2F 1-1: Ball 2-1: Ball 3-1: Base on Balls
|
Batting: RHB Santiago Mosca
|
0-0: Swinging Strike 0-1: Fly out, F4 (Popup, 3D)
|
Batting: RHB Ernesto Souza
|
0-0: Called Strike 0-1: Foul Ball, location: 2F 0-2: Ball Jim Unknown steals 2nd base 1-2: Ground out 5-3 (Groundball, 6S)
|
Bottom of the 2nd over - 0 run(s), 0 hit(s), 0 error(s), 1 left on base; Alameda 0 - Hogsmeade 2 |
TOP OF THE 3RD |
Alameda Airmen batting - Pitching for Hogsmeade Cauldrons : LHP Octávio Ríos
|
Batting: SHB Orlando Villa
|
0-0: Called Strike 0-1: Swinging Strike 0-2: Ball 1-2: Ball 2-2: Strikes out swinging
|
Batting: RHB Lenny Roper
|
0-0: Fly out, F9 (Flyball, 89M)
|
Batting: LHB Fernando Gaona
|
0-0: Called Strike 0-1: Swinging Strike 0-2: Strikes out looking
|
Top of the 3rd over - 0 run(s), 0 hit(s), 0 error(s), 0 left on base; Alameda 0 - Hogsmeade 2 |
BOTTOM OF THE 3RD |
Hogsmeade Cauldrons batting - Pitching for Alameda Airmen : LHP Roberto Silva
|
Batting: RHB Jesús Cisneros
|
0-0: Fly out, F9 (Flyball, 9LM)
|
Batting: RHB Luis Martínez
|
0-0: Called Strike 0-1: Ground out 5-3 (Groundball, 5D)
|
Batting: SHB Fernando Sánchez
|
0-0: Foul Ball, location: 2F 0-1: Foul Ball, location: 2F 0-2: Strikes out swinging
|
Bottom of the 3rd over - 0 run(s), 0 hit(s), 0 error(s), 0 left on base; Alameda 0 - Hogsmeade 2 |
BOTTOM OF THE 4TH |
Hogsmeade Cauldrons batting - Pitching for Alameda Airmen : LHP Roberto Silva
|
Batting: RHB Héctor Casas
|
0-0: Ground out U3 (Groundball, 3)
|
Batting: RHB Reynaldo Pérez
|
0-0: Ground out 5-3 (Groundball, 56)
|
Batting: RHB Gonzalo Ángel
|
0-0: Ball 1-0: Called Strike 1-1: Foul Ball, location: 2F 1-2: Fly out, F8 (Flyball, 8LM)
|
Bottom of the 4th over - 0 run(s), 0 hit(s), 0 error(s), 0 left on base; Alameda 1 - Hogsmeade 2 |
TOP OF THE 5TH |
Alameda Airmen batting - Pitching for Hogsmeade Cauldrons : LHP Octávio Ríos
|
Batting: SHB Orlando Villa
|
0-0: Swinging Strike 0-1: Swinging Strike 0-2: Strikes out swinging
|
Batting: RHB Lenny Roper
|
0-0: Ball 1-0: SINGLE (Line Drive, 8RS)
|
Batting: LHB Fernando Gaona
|
0-0: Ball 1-0: DOUBLE (Groundball, 3L) Lenny Roper to third
|
Batting: RHB Mariano Sánchez
|
0-0: Called Strike 0-1: Ball 1-1: Ground out 6-3 (Groundball, 56D) Lenny Roper scores
|
Batting: RHB Vicente Rodríguez
|
0-0: Foul Ball, location: 2F 0-1: Foul Ball, location: 2F 0-2: Ball 1-2: Ball 2-2: Ball 3-2: Foul Ball, location: 2F 3-2: Base on Balls
|
Batting: RHB Joe Phillips
|
0-0: Fielders Choice at 2nd, U6 (Groundball, 6M)
|
Top of the 5th over - 1 run(s), 2 hit(s), 0 error(s), 2 left on base; Alameda 2 - Hogsmeade 2 |
BOTTOM OF THE 5TH |
Hogsmeade Cauldrons batting - Pitching for Alameda Airmen : LHP Roberto Silva
|
Batting: RHB Jim Unknown
|
0-0: Called Strike 0-1: Ball 1-1: Foul Ball, location: 2F 1-2: Ball 2-2: Foul Ball, location: 2F 2-2: Strikes out swinging
|
Batting: RHB Santiago Mosca
|
0-0: SINGLE (Line Drive, 6M)
|
Batting: RHB Ernesto Souza
|
0-0: Ball 1-0: Grounds into double play, 6-4-3 (Groundball, 6M)
|
Bottom of the 5th over - 0 run(s), 1 hit(s), 0 error(s), 0 left on base; Alameda 2 - Hogsmeade 2 |
TOP OF THE 6TH |
Alameda Airmen batting - Pitching for Hogsmeade Cauldrons : LHP Octávio Ríos
|
Batting: LHB Jorge Vargas
|
0-0: Foul Ball, location: 2F 0-1: Called Strike 0-2: Ball 1-2: Strikes out swinging
|
Batting: RHB Ricardo Téllez
|
0-0: Ball 1-0: Swinging Strike 1-1: Foul Ball, location: 2F 1-2: Strikes out swinging
|
Batting: SHB Esteban Lugo
|
0-0: Called Strike 0-1: Ball 1-1: Ball 2-1: Swinging Strike 2-2: Strikes out swinging
|
Top of the 6th over - 0 run(s), 0 hit(s), 0 error(s), 0 left on base; Alameda 2 - Hogsmeade 2 |
BOTTOM OF THE 6TH |
Hogsmeade Cauldrons batting - Pitching for Alameda Airmen : LHP Roberto Silva
|
Batting: RHB Jesús Cisneros
|
0-0: Ball 1-0: Called Strike 1-1: Fly out, F9 (Line Drive, 9M)
|
Batting: RHB Luis Martínez
|
0-0: Ground out 1-3 (Groundball, 13S)
|
Batting: SHB Fernando Sánchez
|
0-0: Ball 1-0: Called Strike 1-1: Ground out 5-3 (Groundball, 5L)
|
Bottom of the 6th over - 0 run(s), 0 hit(s), 0 error(s), 0 left on base; Alameda 2 - Hogsmeade 2 |
TOP OF THE 7TH |
Alameda Airmen batting - Pitching for Hogsmeade Cauldrons : LHP Octávio Ríos
|
Batting: SHB Orlando Villa
|
0-0: Called Strike 0-1: Ball 1-1: Ball 2-1: SINGLE (Line Drive, 89S)
|
Batting: RHB Lenny Roper
|
0-0: Called Strike 0-1: Swinging Strike 0-2: Strikes out swinging
|
Pinch Hitting: RHB Juan García
|
0-0: Ball 1-0: Called Strike 1-1: Foul Ball, location: 2F 1-2: Strikes out swinging
|
Batting: RHB Mariano Sánchez
|
0-0: Ball 1-0: Called Strike 1-1: Swinging Strike 1-2: Ball 2-2: Foul Ball, location: 2F 2-2: Strikes out swinging
|
Top of the 7th over - 0 run(s), 1 hit(s), 0 error(s), 1 left on base; Alameda 2 - Hogsmeade 2 |
BOTTOM OF THE 7TH |
Hogsmeade Cauldrons batting - Pitching for Alameda Airmen : LHP Roberto Silva
|
Now in LF: Gustavo Meza
|
|
Batting: RHB Héctor Casas
|
0-0: Called Strike 0-1: Swinging Strike 0-2: Strikes out looking
|
Pinch Hitting: RHB Jim Unknown
|
0-0: Called Strike 0-1: Ball 1-1: Ball 2-1: Ball 3-1: Foul Ball, location: 2F 3-2: Base on Balls
|
Batting: RHB Gonzalo Ángel
|
0-0: Ball 1-0: Ball 2-0: SINGLE (Line Drive, 4MD) Jim Unknown to second
|
Batting: RHB Jim Unknown
|
0-0: Foul Ball, location: 2F 0-1: Ball 1-1: Ball 2-1: Ball 3-1: Foul Ball, location: 2F 3-2: Foul Ball, location: 2F 3-2: Foul Ball, location: 2F 3-2: Fly out, F2 (Popup, 2RF)
|
Pitching: LHP Cristo Perales
|
|
Pinch Hitting: RHB Raúl Reyna
|
0-0: Ball 1-0: Ball 2-0: Ball 3-0: Called Strike 3-1: Called Strike 3-2: Foul Ball, location: 2F 3-2: Strikes out swinging
|
Bottom of the 7th over - 0 run(s), 1 hit(s), 0 error(s), 2 left on base; Alameda 2 - Hogsmeade 2 |
TOP OF THE 8TH |
Alameda Airmen batting - Pitching for Hogsmeade Cauldrons : LHP Octávio Ríos
|
Now at 2B: Jim Unknown
|
|
Now in RF: Raúl Reyna
|
|
Batting: RHB Vicente Rodríguez
|
0-0: Called Strike 0-1: SINGLE (Line Drive, 34)
|
Batting: RHB Joe Phillips
|
0-0: Ball Vicente Rodríguez is caught stealing 2nd base 1-0: Called Strike 1-1: Ground out 3-4 (Groundball, 3S)
|
Batting: LHB Jorge Vargas
|
0-0: SINGLE (Line Drive, 4M)
|
Batting: RHB Ricardo Téllez
|
0-0: Called Strike 0-1: Foul Ball, location: 2F 0-2: Strikes out swinging
|
Top of the 8th over - 0 run(s), 2 hit(s), 0 error(s), 1 left on base; Alameda 2 - Hogsmeade 2 |
BOTTOM OF THE 8TH |
Hogsmeade Cauldrons batting - Pitching for Alameda Airmen : LHP Cristo Perales
|
Batting: RHB Ernesto Souza
|
0-0: Called Strike 0-1: Ball 1-1: Ball 2-1: SINGLE (Line Drive, 6MD)
|
Batting: RHB Jesús Cisneros
|
0-0: Ball 1-0: Ball 2-0: Ball 3-0: Called Strike 3-1: Fielders Choice at 2nd, 1-6 (Groundball, 15)
|
Batting: RHB Luis Martínez
|
0-0: Called Strike Jesús Cisneros steals 2nd base 0-1: Ball 1-1: Intentional Walk
|
Batting: SHB Fernando Sánchez
|
0-0: Ball Jesús Cisneros steals 3rd base Luis Martínez to second 1-0: Foul Ball, location: 2F 1-1: Ball 2-1: Ground out 6-3 (Groundball, 6)
|
Batting: RHB Héctor Casas
|
0-0: Ball 1-0: Called Strike 1-1: Ball 2-1: Fly out, F6 (Popup, 56D)
|
Bottom of the 8th over - 0 run(s), 1 hit(s), 0 error(s), 2 left on base; Alameda 2 - Hogsmeade 2 |
TOP OF THE 9TH |
Alameda Airmen batting - Pitching for Hogsmeade Cauldrons : LHP Octávio Ríos
|
Pitching: RHP Jim Unknown
|
|
Batting: SHB Esteban Lugo
|
0-0: Swinging Strike 0-1: Ball 1-1: Swinging Strike 1-2: Foul Ball, location: 2F 1-2: Ball 2-2: Foul Ball, location: 2F 2-2: Foul Ball, location: 2F 2-2: Strikes out swinging
|
Batting: SHB Orlando Villa
|
0-0: Called Strike 0-1: Swinging Strike 0-2: Ball 1-2: Ball 2-2: Foul Ball, location: 2F 2-2: SINGLE (Groundball, 56D)
|
Pinch Hitting: RHB Timothy Jones
|
0-0: Swinging Strike 0-1: Foul Ball, location: 2F 0-2: Foul Ball, location: 2F 0-2: Foul Ball, location: 2F 0-2: Strikes out swinging
|
Batting: RHB Gustavo Meza
|
0-0: SINGLE (Line Drive, 4) Orlando Villa to second
|
Batting: RHB Mariano Sánchez
|
0-0: Ball 1-0: Ball 2-0: Swinging Strike 2-1: Fly out, F6 (Line Drive, 6)
|
Top of the 9th over - 0 run(s), 2 hit(s), 0 error(s), 2 left on base; Alameda 2 - Hogsmeade 2 |
BOTTOM OF THE 9TH |
Hogsmeade Cauldrons batting - Pitching for Alameda Airmen : LHP Cristo Perales
|
Now at 2B: Jeffrey Jones
|
|
Batting: RHB Jim Unknown
|
0-0: Called Strike 0-1: Ball 1-1: Ball 2-1: Ball 3-1: Ground out 5-3 (Groundball, 56)
|
Batting: RHB Gonzalo Ángel
|
0-0: Ball 1-0: Swinging Strike 1-1: Called Strike 1-2: Ball 2-2: Strikes out swinging
|
Batting: RHB Jim Unknown
|
0-0: Ball 1-0: Foul Ball, location: 2F 1-1: Fly out, F8 (Flyball, 8RXD)
|
Bottom of the 9th over - 0 run(s), 0 hit(s), 0 error(s), 0 left on base; Alameda 2 - Hogsmeade 2 |
TOP OF THE 10TH |
Alameda Airmen batting - Pitching for Hogsmeade Cauldrons : RHP Jim Unknown
|
Batting: RHB Vicente Rodríguez
|
0-0: Swinging Strike 0-1: Foul Ball, location: 2F 0-2: Strikes out swinging
|
Batting: RHB Joe Phillips
|
0-0: Ground out 1-3 (Groundball, 13S)
|
Batting: LHB Jorge Vargas
|
0-0: Called Strike 0-1: Ball 1-1: Swinging Strike 1-2: Ball 2-2: DOUBLE (Line Drive, 9LS)
|
Batting: RHB Ricardo Téllez
|
0-0: Fly out, F8 (Flyball, 4MD)
|
Top of the 10th over - 0 run(s), 1 hit(s), 0 error(s), 1 left on base; Alameda 2 - Hogsmeade 2 |
BOTTOM OF THE 10TH |
Hogsmeade Cauldrons batting - Pitching for Alameda Airmen : LHP Cristo Perales
|
Batting: RHB Raúl Reyna
|
0-0: Ball 1-0: Called Strike 1-1: Fly out, F4 (Popup, 34D)
|
Batting: RHB Ernesto Souza
|
0-0: Fly out, F2 (Popup, 23F)
|
Batting: RHB Jesús Cisneros
|
0-0: Ball 1-0: Ball 2-0: Foul Ball, location: 2F 2-1: Called Strike 2-2: Foul Ball, location: 2F 2-2: Foul Ball, location: 2F 2-2: SINGLE (Line Drive, 34)
|
Pitching: RHP Gil Brown
|
|
Batting: RHB Jim Unknown
|
0-0: Called Strike 0-1: Foul Ball, location: 2F 0-2: Ball 1-2: Hit by Pitch Jesús Cisneros to second
|
Batting: SHB Fernando Sánchez
|
0-0: Ball 1-0: Swinging Strike 1-1: Ball 2-1: Foul Ball, location: 2F 2-2: Strikes out swinging
|
Bottom of the 10th over - 0 run(s), 1 hit(s), 0 error(s), 2 left on base; Alameda 2 - Hogsmeade 2 |
TOP OF THE 11TH |
Alameda Airmen batting - Pitching for Hogsmeade Cauldrons : RHP Jim Unknown
|
Pitching: RHP George Armstrong
|
|
Now in CF: Jim Unknown
|
|
Batting: SHB Esteban Lugo
|
0-0: Called Strike 0-1: Swinging Strike 0-2: Foul Ball, location: 2F 0-2: Strikes out swinging
|
Batting: SHB Orlando Villa
|
0-0: Called Strike 0-1: Called Strike 0-2: Strikes out swinging
|
Batting: RHB Jeffrey Jones
|
0-0: Foul Ball, location: 2F 0-1: Swinging Strike 0-2: Strikes out swinging
|
Top of the 11th over - 0 run(s), 0 hit(s), 0 error(s), 0 left on base; Alameda 2 - Hogsmeade 2 |
BOTTOM OF THE 11TH |
Hogsmeade Cauldrons batting - Pitching for Alameda Airmen : RHP Gil Brown
|
Pinch Hitting: LHB Jim Unknown
|
0-0: Ball 1-0: Ball 2-0: Ball 3-0: Base on Balls
|
Batting: RHB Jim Unknown
|
0-0: Sac Bunt - play at second, runner OUT! 1-6
|
Batting: RHB Gonzalo Ángel
|
0-0: Ball 1-0: Ball 2-0: Ball 3-0: Base on Balls Jim Unknown to second
|
Batting: RHB Jim Unknown
|
0-0: SINGLE (Line Drive, 4MD) Jim Unknown to third Gonzalo Ángel to second
|
Batting: RHB Raúl Reyna
|
0-0: Ball 1-0: Fly out, F9 (Flyball, 89M) Runner from 3rd tags up, SCORES, no throw
|
|